 Dungeon Crawl Stone Soup version 0.29.0-11-gd7f09526c8 (webtiles) character file.

Game seed: 15425803823622919373

2667 xian the Zephyrmancer (level 9, 0/48 HPs)
             Began as a Tengu Air Elementalist on Sept 6, 2022.
             Was a Priest of Fedhas.
             Shot with a sling bullet by Joseph (13 damage)
             ... on level 8 of the Dungeon.
             The game lasted 00:25:51 (9779 turns).

xian the Zephyrmancer (Tengu Air Elementalist)      Turns: 9779, Time: 00:25:52

Health: 0/48       AC:  8    Str: 15    XL:     9   Next: 63%
Magic:  6/19       EV: 16    Int: 25    God:    Fedhas [***...]
Gold:   547        SH:  0    Dex: 15    Spells: 2/20 levels left

rFire   + + .      SeeInvis .   s - +3 short sword (spect)
rCold   . . .      Faith    .   (no shield)
rNeg    . . .      Spirit   .   j - +4 robe of the Solstice {rF++ Slay+2 Archmagi}
rPois   .          Reflect  .   (helmet restricted)
rElec   +          Harm     +   r - scarf {harm}
rCorr   .          Rampage  .   D - +1 pair of gloves
Will    .....      Archmagi +   (boots unavailable)
Stlth   +++.......              a - amulet of the Air {Inacc Air Fly rElec RMsl}
HPRegen 0.16/turn               p - +6 ring of intelligence
MPRegen 0.16/turn               C - +6 ring of strength

@: flying quickly and evasively, repel missiles, quick
A: beak, talons 3, nimble flight
a: Renounce Religion, Wall of Briars, Grow Ballistomycete


You were on level 8 of the Dungeon.
You worshipped Fedhas.
Fedhas was most pleased with you.
You visited 1 branch of the dungeon, and saw 8 of its levels.
You also visited: Ossuary.

You collected 547 gold pieces.

Inventory:

Hand Weapons
 s - a +3 spectral short sword (weapon)
Missiles
 d - 3 javelins
Armour
 j - the +4 robe of the Solstice (worn) {rF++ Slay+2 Archmagi}
   (You took it off a kobold on level 2 of the Dungeon)

   Slay:      It affects your accuracy & damage with ranged weapons and melee
   (+2).
   rF:        It greatly protects you from fire.
   Archmagi:  It increases the power of your magical spells.
 r - a scarf of harm (worn)
 v - a +0 cloak
 D - a +1 pair of gloves (worn)
Magical Staves
 z - a staff of conjuration
Jewellery
 a - the amulet of the Air (around neck) {Inacc Air Fly rElec RMsl}
   (You found it on level 2 of the Dungeon)

   [amulet of nothing]

   It reduces the accuracy of all your attacks.
   It enhances your air magic.
   rElec:     It insulates you from electricity.
   Fly:       It grants you flight.
   RMsl:      It protects you from missiles.
 p - a +6 ring of intelligence (left hand)
 A - a ring of poison resistance
 C - a +6 ring of strength (right hand)
 F - an amulet of reflection
Wands
 u - a wand of flame (19)
 y - a wand of polymorph (10)
Scrolls
 e - a scroll of butterflies
 f - 4 scrolls of teleportation
 k - a scroll of enchant weapon
 l - 2 scrolls of poison
 m - a scroll of silence
 n - 3 scrolls of amnesia
 q - 2 scrolls of blinking
Potions
 b - a potion of magic
 c - 4 potions of might
 h - 6 potions of curing
 i - a potion of haste {unknown}
 o - 2 potions of degeneration {unknown}
 t - a potion of invisibility {unknown}
 w - 2 potions of flight {unknown}
 x - 2 potions of cancellation {unknown}
 B - a potion of brilliance {unknown}
 G - a potion of heal wounds {unknown}


   Skills:
 + Level 1.9 Fighting
 * Level 4.8 Short Blades
 + Level 4.2 Dodging
 + Level 4.3 Stealth
 + Level 6.0 Spellcasting
 + Level 8.4 Conjurations
 + Level 8.6 Air Magic


You had 2 spell levels left.
You knew the following spells:

 Your Spells              Type           Power      Damage    Failure   Level
a - Shock                 Conj/Air       100%       1d9       1%          1
b - Static Discharge      Conj/Air       85%        3-14/arc  1%          2
c - Swiftness             Air            85%        N/A       1%          3
d - Mephitic Cloud        Conj/Pois/Air  69%        N/A       2%          3
e - Airstrike             Air            42%        2d(7-23)  2%          4
f - Iskenderun's Battles  Conj           65%        2d11      7%          5

Your spell library contained the following spells:

 Spells                   Type           Power      Damage    Failure   Level
 Magic Dart               Conj           100%       1d8       1%          1
 Slow                     Hex            44%        N/A       8%          1
 Call Imp                 Summ           11%        N/A       11%         2
 Confusing Touch          Hex            11%        N/A       22%         3
 Frozen Ramparts          Ice            22%        1d4       22%         3
 Ozocubu's Armour         Ice            11%        N/A       22%         3
 Vampiric Draining        Necr           11%        2d6       22%         3
 Corpse Rot               Necr/Pois/Air  49%        N/A       22%         4
 Conjure Ball Lightning   Conj/Air       42%        3x3d15    34%         6
 Fireball                 Conj/Fire      21%        3d10      36%         5
 Dispel Undead            Necr           11%        3d9       58%         4
 Ice Form                 Ice/Tmut       11%        N/A       58%         4
 Summon Ice Beast         Ice/Summ       11%        N/A       58%         4
 Orb of Destruction       Conj           32%        9d10      90%         7
 Death Channel            Necr           5%         N/A       100%        6
 Ozocubu's Refrigeration  Ice            5%         4d8       100%        7


Dungeon Overview and Level Annotations

Branches:
Dungeon (8/15)             Temple (0/1) D:7         Ossuary (visited)
   Lair: D:8-11

Altars:
Dithmenos
Fedhas
Qazlal
Vehumet
Wu Jian
Yredelemnul
The Shining One

Shops:
D:2 *

Annotations:
D:4 1 runed translucent door
D:8 Joseph


Innate Abilities, Weirdness & Mutations

You have a beak for a mouth.
You have claws for feet.
Your magical nature lets you fly swiftly and evasively.


Message History

Your battlesphere is destroyed!
Casting: Shock (safe; 1% risk of failure)
Confirm with . or Enter, or press ? or * to list all spells.
The spell is quite dangerous to miscast (7% risk of failure)!
Continue anyway?
You feel a surge of power!
You conjure a globe of magical energy.
Joseph shoots a sling bullet.
The sling bullet hits you!!
Ouch! That really hurt!
The sling bullet freezes you!
* * * LOW HITPOINT WARNING * * *
Unknown command.
You are too injured to fight recklessly!
Aiming: Shock (safe; 1% risk of failure)
Press: ? - help, Q - select action, (/) - cycle Shift-Dir - straight line, f/p - Joseph
Aim: Joseph, wielding a +0 sling of freezing and wearing a +0 ring mail (moderately wounded, 59% to hit)
You feel a strong surge of power!
The zap misses Joseph.
The zap hits Joseph.
Joseph is moderately wounded.
Your battlesphere fires!
The barrage of energy hits Joseph!
Joseph is heavily wounded.
Joseph shoots a sling bullet.
The sling bullet hits your battlesphere!
Aiming: Shock (safe; 1% risk of failure)
Press: ? - help, Q - select action, (/) - cycle Shift-Dir - straight line, f/p - Joseph
Aim: Joseph, wielding a +0 sling of freezing and wearing a +0 ring mail (heavily wounded, ally target, 59% to hit)
You feel a strong surge of power!
The zap misses Joseph.
The zap hits Joseph.
Joseph is heavily wounded.
Your battlesphere fires!
The barrage of energy hits Joseph!!
Joseph is almost dead.
Joseph shoots a sling bullet.
The sling bullet hits your battlesphere!
Your battlesphere is destroyed!
You hear a shout!
Aiming: Shock (safe; 1% risk of failure)
Press: ? - help, Q - select action, (/) - cycle Shift-Dir - straight line, f/p - Joseph
Aim: Joseph, wielding a +0 sling of freezing and wearing a +0 ring mail (almost dead, 59% to hit)
You feel a strong surge of power!
The zap misses Joseph. x2
Joseph shoots a sling bullet.
The sling bullet hits you!
You die...
Fedhas appreciates your contribution to the ecosystem.

.. #@ #.
####@##### #+
#....$°@.# #.#
#.##.###.# #.# #.
#☼# ##.##
#.###.### ##...##
#....@..# #.....#
#####.#.#
#.....##### #.#.#
#.......>>.
#.#.####..<..#####
..#.........##
##########.## #.#
#.# #.#


You could see Joseph.

Vanquished Creatures
  Menkaure (D:6)
  Edmund (D:4)
  A sky beast (D:4)
  3 ogres
  A centaur (D:7)
  A phantom (D:5)
  A bullfrog (D:7)
  3 necrophages
  A gnoll sergeant (D:7)
  10 scorpions
  4 wights (D:6)
  2 human zombies (Ossuary)
  A jelly (D:5)
  A gnoll bouda (D:5)
  5 hounds
  2 iguanas
  4 scorpion zombies (Ossuary)
  3 mummies (Ossuary)
  Robin (D:4)
  13 gnolls
  3 adders
  A river rat (D:4)
  3 shadow imps
  3 white imps
  3 ufetubi
  3 worms
  The ghost of xian the Sneak, a weakling TrDe (D:4)
  4 dart slugs
  6 orcs
  6 endoplasms
  4 giant cockroaches
  2 gnoll zombies (Ossuary)
  14 goblins
  7 hobgoblins
  5 jackals
  7 kobolds
  4 quokkas
  5 ball pythons
  10 bats
  4 frilled lizards
  A goblin zombie (Ossuary)
  A hobgoblin zombie (Ossuary)
  A kobold zombie (Ossuary)
  2 orc zombies (Ossuary)
  6 rats
165 creatures vanquished.

Vanquished Creatures (collateral kills)
  An adder (D:6)
1 creature vanquished.

Vanquished Creatures (others)
  2 demonic plants (D:4)
  A withered plant (D:3)
3 creatures vanquished.

Grand Total: 169 creatures vanquished

Notes
Turn   | Place    | Note
-------+----------+-------------------------------------------
     0 | D:1      | xian the Tengu Air Elementalist began the quest for the
                  | Orb.
     0 | D:1      | Reached XP level 1. HP: 10/10 MP: 4/4
   102 | D:1      | Reached XP level 2. HP: 4/15 MP: 1/6
   560 | D:1      | Found a faded altar of an unknown god.
  1063 | D:1      | Reached XP level 3. HP: 19/19 MP: 5/7
  1207 | D:1      | Learned a level 2 spell: Static Discharge
  1211 | D:1      | Learned a level 3 spell: Swiftness
  1848 | D:2      | Identified the +4 robe of the Solstice {rF++ Slay+2
                  | Archmagi}
  1918 | D:2      | Found Xiumy's Assorted Antiques.
  2141 | D:2      | Noticed a scorpion
  2148 | D:2      | Killed a scorpion
  2149 | D:2      | Reached XP level 4. HP: 20/24 MP: 0/8
  2232 | D:2      | Found the amulet of the Air {Inacc Air Fly rElec RMsl}
  2243 | D:2      | Gained mutation: Your magical nature lets you fly swiftly
                  | and evasively. [Tengu growth]
  2243 | D:2      | Reached XP level 5. HP: 25/28 MP: 3/9
  2702 | D:3      | Reached skill level 5 in Air Magic
  3114 | D:3      | Found a basalt altar of Yredelemnul.
  3134 | D:3      | Reached XP level 6. HP: 25/32 MP: 7/11
  3301 | D:3      | Found an ornate altar of the Wu Jian Council.
  3303 | D:3      | Found a stormy altar of Qazlal.
  3649 | D:4      | Found a blossoming altar of Fedhas.
  3658 | D:4      | Became a worshipper of Fedhas Madash
  3721 | D:4      | Noticed Robin
  3723 | D:4      | Killed Robin
  3976 | D:4      | Found a runed translucent door.
  3979 | D:4      | Noticed xian's ghost (weakling TrDe)
  3990 | D:4      | Noticed a sky beast
  4068 | D:4      | Killed a sky beast
  4253 | D:4      | Reached skill level 1 in Short Blades
  4351 | D:4      | Noticed Edmund
  4357 | D:4      | Killed Edmund
  4358 | D:4      | Reached XP level 7. HP: 32/37 MP: 4/13
  4523 | D:4      | Found a glowing golden altar of the Shining One.
  4572 | D:4      | Found a runed translucent door.
  4824 | D:4      | Reached * piety under Fedhas
  4936 | D:4      | Killed xian's ghost
  5060 | D:5      | Entered Level 5 of the Dungeon
  5481 | D:5      | Reached skill level 5 in Conjurations
  5481 | D:5      | Reached XP level 8. HP: 40/42 MP: 8/15
  6273 | D:5      | Learned a level 3 spell: Mephitic Cloud
  6278 | D:5      | Learned a level 4 spell: Airstrike
  6361 | D:6      | Found a sand-covered staircase.
  6382 | Ossuary  | Entered an ossuary
  6742 | Ossuary  | Reached ** piety under Fedhas
  6743 | Ossuary  | Reached skill level 5 in Spellcasting
  6846 | Ossuary  | Reached skill level 1 in Fighting
  6854 | Ossuary  | Reached XP level 9. HP: 23/48 MP: 1/17
  7943 | D:6      | Learned a level 5 spell: Iskenderun's Battlesphere
  7978 | D:6      | Noticed Menkaure
  7984 | D:6      | Killed Menkaure
  8995 | D:7      | Reached *** piety under Fedhas
  9337 | D:7      | Found a staircase to the Ecumenical Temple.
  9633 | D:7      | Found a radiant altar of Vehumet.
  9642 | D:7      | Found a shadowy altar of Dithmenos.
  9766 | D:8      | Noticed Joseph
  9779 | D:8      | Shot with a sling bullet by Joseph

Illustrated notes

Levels and vault maps discovered:
D:1:      elethiomel_arrival_fortress_basement, layout_basic,
          basic_ecumenical_altar
D:2:      layout_basic, serial_shops, nicolae_shop_hallway_plus,
          hangedman_decor_slide_cut, kennysheep_decorative_pillar
D:3:      layout_loops_ring, yredelemnul_altar_generic,
          chequers_temple_overflow_statue_of_worship, nrook_uturn
D:4:      layout_loops_ring, mainiacjoe_overflow_24_doors, lemuel_tele_altar,
          serial_demonic, serial_demonic_e, serial_demonic_f, serial_demonic_f,
          serial_demonic_g, serial_demonic_f, ebering_ghost_sewer_f,
          nicolae_kite_square_tiling_tiny, amethyst_killhole, uniq_robin,
          uniq_edmund
D:5:      layout_basic
D:6:      layout_basic, enter_ossuary_1, uniq_menkaure
D:7:      layout_rooms, mainiacjoe_overflow_swirl, minmay_temple_entry_ruins,
          roderic_serpentine_path
D:8:      layout_loops_corners, mainiacjoe_overflow_catwalk, lair_entry_dummy,
          uniq_joseph, uniq_erica, uniq_maurice

Skill      XL: |  1  2  3  4  5  6  7  8  9 |
---------------+----------------------------+-----
Conjurations   | 2 3 4 5 6 8 |  8.4
Dodging        | 3 4 |  4.2
Stealth        | 3 4 |  4.3
Air Magic      | 5 6 7 8 |  8.6
Spellcasting   | 3 4 5 6 |  6.0
Short Blades   | 1 2 4 |  4.8
Fighting       | 1 |  1.9

Action                   |  1- 3 |  4- 6 |  7- 9 || total
-------------------------+-------+-------+-------++-------
Melee: Unarmed           |     8 |       |       ||     8
       Peck              |     5 |       |     2 ||     7
       Kick              |     2 |     2 |     1 ||     5
       Club              |     2 |       |       ||     2
       Short sword       |     2 |    16 |     9 ||    27
       Hand axe          |     2 |     3 |       ||     5
 Cast: Shock             |    89 |    87 |   194 ||   370
       Static Discharge  |     2 |     5 |    28 ||    35
       Swiftness         |       |       |     1 ||     1
       Airstrike         |       |       |     2 ||     2
       Iskenderun's Batt |       |       |     6 ||     6
  Use: Scroll            |     1 |     1 |    15 ||    17
Armor: Robe              |     1 |     8 |     7 ||    16
Dodge: Dodged            |    21 |    20 |    33 ||    74
       Repelled          |       |     1 |     2 ||     3
